 Dungeon Crawl Stone Soup version 0.29.0-5-ge4962eb29e (webtiles) character file.

Game seed: 2287565376056102843

5215 Arcadio the Fighter (level 10, -1/96 HPs)
             Began as a Minotaur Berserker on Aug 28, 2022.
             Was a High Priest of Trog.
             Slain by a spatial maelstrom (5 damage)
             ... on level 2 of the Abyss.
             The game lasted 00:18:19 (6824 turns).

Arcadio the Fighter (Minotaur Berserker)            Turns: 6824, Time: 00:18:20

Health: -1/96      AC: 21    Str: 26    XL:     10   Next: 35%
Magic:  9/9        EV: 10    Int:  4    God:    Trog [*****.]
Gold:   543        SH:  0    Dex: 16    Spells: 9/9 levels left

rFire   . . .      SeeInvis .   p - +9 trident of Saltpetre {drain, rElec rPois rN+ Will+}
rCold   . . .      Faith    .   (no shield)
rNeg    + + .      Spirit   .   n - +6 chain mail of Tenacity {rPois}
rPois   +          Reflect  .   (helmet restricted)
rElec   +          Harm     .   s - scarf {+Inv}
rCorr   .          Rampage  .   y - +1 pair of gloves
Will    +....                   C - +0 pair of boots
Stlth   ..........              (no amulet)
HPRegen 0.26/turn               i - +6 ring of dexterity
MPRegen 0.11/turn               G - ring of positive energy

@: about to teleport, hasted, very quick
A: horns 2, retaliatory headbutt
a: Renounce Religion, Evoke Invisibility, Berserk, Trog's Hand, Brothers in Arms


You were on level 2 of the Abyss.
You worshipped Trog.
Trog was extremely pleased with you.
You visited 2 branches of the dungeon, and saw 10 of its levels.
You visited the Abyss 1 time.

You collected 543 gold pieces.

Inventory:

Hand Weapons
 a - a +0 hand axe
 p - the +9 trident of Saltpetre (weapon) {drain, rElec rPois rN+ Will+}
   (You found it on level 3 of the Dungeon)

   A truly terrible weapon, it drains the life of any living foe it strikes.
   rElec:     It insulates you from electricity.
   rPois:     It protects you from poison.
   rN:        It protects you from negative energy.
   Will:      It increases your willpower.
 M - the +2 quarterstaff of the Hungering Dove {freeze, Fly rCorr}
   (You found it on level 8 of the Dungeon)

   It freezes those it strikes, dealing additional cold damage.
   It can also slow down cold-blooded creatures.
   Fly:       It grants you flight.
   rCorr:     It protects you from acid and corrosion.
Missiles
 z - a throwing net (quivered)
Armour
 b - a +0 animal skin
 n - the +6 chain mail of Tenacity (worn) {rPois}
   (You found it on level 2 of the Dungeon)

   rPois:     It protects you from poison.
 s - a scarf of invisibility (worn)
 y - a +1 pair of gloves (worn)
 C - a +0 pair of boots (worn)
Jewellery
 i - a +6 ring of dexterity (left hand)
 q - a ring of magical power
 E - a ring of magical power
 G - a ring of positive energy (right hand)
Wands
 H - a wand of light (5)
 J - a wand of digging (6)
 O - a wand of roots (6)
Scrolls
 e - 2 scrolls of enchant armour
 h - 4 scrolls of teleportation
 j - 2 scrolls of poison {unknown}
 k - 2 scrolls of immolation {unknown}
 r - 3 scrolls of fear {unknown}
 t - a scroll of blinking {unknown}
 u - 2 scrolls of enchant weapon {unknown}
 v - a scroll of amnesia {unknown}
 A - a scroll of vulnerability {unknown}
 F - a scroll of silence {unknown}
 I - 2 scrolls of butterflies {unknown}
 K - a scroll of summoning {unknown}
 P - a scroll of magic mapping {unknown}
 Q - a scroll of brand weapon {unknown}
Potions
 c - a potion of heal wounds
 d - a potion of cancellation
 f - 4 potions of ambrosia
 g - 4 potions of curing
 l - a potion of mutation
 m - 2 potions of haste
 o - 2 potions of lignification
 w - a potion of attraction
 x - a potion of berserk rage {unknown}
 B - a potion of might
 D - 2 potions of magic
 L - a potion of invisibility {unknown}
 N - a potion of resistance {unknown}


   Skills:
 + Level 11.2 Fighting
 - Level 4.2(7.8) Axes
 + Level 10.2(10.6) Polearms
 + Level 10.9 Armour
 - Level 2.8 Dodging


You had 9 spell levels left.
You didn't know any spells.
Your spell library was empty.

Dungeon Overview and Level Annotations

Branches:
Dungeon (9/15) Zot: 26330  Temple (1/1) D:6 Zot: 5881
   Lair: D:8-11         Orc: D:9-12

Altars:
Ashenzari
Cheibriados
Dithmenos
Elyvilon
Gozag
Hepliaklqana
Kikubaaqudgha
Makhleb
Okawaru
Qazlal
Ru
Sif Muna
Trog
Uskayaw
Vehumet
Wu Jian
Xom
Yredelemnul
Zin
The Shining One

Shops:
D:1 =   D:2 :   D:3 *


Innate Abilities, Weirdness & Mutations

You have a pair of horns on your head.
You reflexively headbutt those who attack you in melee.


Message History

The bone dragon tramples you but does no damage.
The bone dragon attacks as you move away!
The bone dragon bites you but does no damage.
The bone dragon claws you. The bone dragon barely misses you.
Found a gateway leading deeper into the Abyss.
Press: ? - help, v - describe, . - travel A gateway leading deeper into the Abyss.
The bone dragon attacks as you move away!
The bone dragon closely misses you. The bone dragon claws you!
The bone dragon tramples you but does no damage.
There is a gateway leading deeper into the Abyss here.
The bone dragon bites you!
* * * LOW HITPOINT WARNING * * *
The bone dragon claws you.
* * * LOW HITPOINT WARNING * * *
The bone dragon tramples you but does no damage.
You plunge deeper into the Abyss.
You start resting.
A bone dragon comes into view.
A spatial maelstrom comes into view.
Okay, then.
As you read the scroll labelled HYGHUO COPTUME, it crumbles to dust.
It is a scroll of enchant armour.
Your +0 pair of gloves glows green for a moment.
A spatial vortex comes into view.
As you read the scroll labelled SEOSUDGHULO, it crumbles to dust.
You feel strangely unstable.
You feel the power of the Abyss delaying your translocation!
It was a scroll of teleportation.
You feel yourself speed up.
The spatial maelstrom hits you but does no damage. x2
The spatial maelstrom hits you! Space warps around you.
The spatial maelstrom barely misses you.
A large abomination comes into view.
The spatial maelstrom hits you. Space warps horribly around you!
* * * LOW HITPOINT WARNING * * *
The spatial maelstrom hits you!
* * * LOW HITPOINT WARNING * * *
Space warps around you.
You die...

.#. .#.. .#.
. ######..#
###......####
#.#D.#.....#
#..#...#
#.v.# .#..# .
#..@# ##..#..
##......#
###.#...v## .
...........
..#...#..##..
#.....#8....
ยง #..
.X..8...# ..
#..##..#.


You could see a spatial maelstrom, a spatial vortex and a large abomination.

Vanquished Creatures
  A two-headed ogre (D:7)
  Maurice (D:8)
  Maggie (D:8)
  A troll (D:9)
  3 yaks (D:9)
  A wraith (D:9)
  A steam dragon (D:8)
  3 water moccasins (D:5)
  An ice beast (D:8)
  3 black bears
  2 sky beasts
  2 orc warriors
  An ogre (D:4)
  4 centaurs
  A kobold brigand (D:9)
  3 bullfrogs
  A necrophage (D:6)
  3 scorpions
  6 wights (D:8)
  A howler monkey (D:4)
  A jelly (D:6)
  6 orc priests
  A gnoll bouda (D:8)
  3 hounds
  3 iguanas
  3 orc wizards
  8 gnolls
  16 adders
  A white imp (D:6)
  An ufetubus (D:6)
  A worm (D:3)
  3 dart slugs
  21 orcs
  7 bats
  9 endoplasms
  3 giant cockroaches
  8 hobgoblins
  5 quokkas
  10 ball pythons
  2 frilled lizards
  11 goblins
  11 kobolds
  2 rats (D:2)
176 creatures vanquished.

Vanquished Creatures (others)
  A fungus (D:2)
1 creature vanquished.

Grand Total: 177 creatures vanquished

Notes
Turn   | Place    | Note
-------+----------+-------------------------------------------
     0 | D:1      | Arcadio the Minotaur Berserker began the quest for the Orb.
     0 | D:1      | Reached XP level 1. HP: 19/19 MP: 0/0
   108 | D:1      | Reached XP level 2. HP: 25/27 MP: 1/1
   208 | D:1      | Found Assemoci's Jewellery Boutique.
   629 | D:2      | Reached skill level 4 in Fighting
   709 | D:2      | Found Hojalaxt's Book Emporium.
   772 | D:2      | Reached ** piety under Trog
   801 | D:2      | Found a sacrificial altar of Ru.
   821 | D:2      | Reached XP level 3. HP: 33/33 MP: 2/2
   930 | D:2      | Found a faded altar of an unknown god.
  1125 | D:2      | Identified the +6 chain mail of Tenacity {rPois}
  1384 | D:3      | Identified the +9 trident of Saltpetre {drain, rElec rPois
                  | rN+ Will+}
  1457 | D:3      | Reached XP level 4. HP: 41/41 MP: 3/3
  1633 | D:3      | Reached skill level 1 in Polearms
  1643 | D:3      | Reached XP level 5. HP: 13/47 MP: 4/4
  2015 | D:3      | Found Yhaiviw's General Store.
  2156 | D:4      | Noticed an ogre
  2172 | D:4      | Killed an ogre
  2173 | D:4      | Reached skill level 5 in Fighting
  2290 | D:4      | Noticed a black bear
  2296 | D:4      | Killed a black bear
  2297 | D:4      | Reached skill level 5 in Armour
  2297 | D:4      | Reached XP level 6. HP: 56/56 MP: 5/5
  2324 | D:4      | Reached *** piety under Trog
  2517 | D:4      | Reached skill level 6 in Fighting
  2619 | D:4      | Found an iron altar of Okawaru.
  2681 | D:5      | Entered Level 5 of the Dungeon
  2688 | D:5      | Noticed a water moccasin
  2693 | D:5      | Killed a water moccasin
  2694 | D:5      | Reached XP level 7. HP: 64/64 MP: 6/6
  2970 | D:5      | Reached skill level 5 in Polearms
  2986 | D:5      | Reached skill level 7 in Fighting
  3204 | D:5      | Reached XP level 8. HP: 73/73 MP: 7/7
  3234 | D:5      | Reached **** piety under Trog
  3638 | D:6      | Found a burning altar of Makhleb.
  3671 | D:6      | Found a staircase to the Ecumenical Temple.
  3685 | Temple   | Entered the Ecumenical Temple
  3985 | D:6      | Found a stormy altar of Qazlal.
  4124 | D:6      | Reached skill level 8 in Fighting
  4240 | D:7      | Noticed a two-headed ogre
  4263 | D:7      | Killed a two-headed ogre
  4264 | D:7      | Reached XP level 9. HP: 58/82 MP: 8/8
  4301 | D:7      | Reached skill level 9 in Fighting
  4649 | D:7      | Identified the +8 falchion "Zephigy" {vorpal, Int+3 SInv}
  5030 | D:8      | Found a glowing golden altar of the Shining One.
  5253 | D:8      | Identified the +2 quarterstaff of the Hungering Dove
                  | {freeze, Fly rCorr}
  5352 | D:8      | Reached skill level 10 in Fighting
  5608 | D:8      | Noticed Maggie
  5618 | D:8      | Killed Maggie
  5696 | D:8      | Noticed Maurice
  5699 | D:8      | Killed Maurice
  5700 | D:8      | Reached skill level 10 in Armour
  5849 | D:8      | Reached XP level 10. HP: 94/94 MP: 9/9
  6107 | D:9      | Reached skill level 11 in Fighting
  6149 | D:9      | Reached ***** piety under Trog
  6155 | D:9      | Reached skill level 10 in Polearms
  6602 | Abyss:1  | Cast into level 1 of the Abyss (gnoll sergeant)
  6603 | Abyss:1  | Found a viscous altar of Jiyva.
  6675 | Abyss:1  | Noticed a bone dragon
  6816 | Abyss:2  | Noticed a bone dragon
  6819 | Abyss:2  | Noticed a spatial maelstrom
  6824 | Abyss:2  | HP: 4/96 [spatial maelstrom (13)]
  6824 | Abyss:2  | Slain by a spatial maelstrom

Illustrated notes

Levels and vault maps discovered:
D:1:      minmay_arrival_radiant_lines, layout_rooms, serial_shops,
          nicolae_shop_behind_doors
D:2:      layout_loops_ring, serial_shops, shop, basic_altar,
          dreamdust_ecumenical_altar_grove, kennysheep_potato
D:3:      layout_basic, serial_shops, nicolae_shop_behind_doors,
          grunt_ministairs_4, minmay_fractal_squares_gapless_5
D:4:      layout_cave_pools, mainiacjoe_overflow_alcove_1, minivault_1
D:5:      layout_loops_ring, kennysheep_opposing_triangles
D:6:      layout_loops_ring, makhleb_blood_cavern_becter,
          overflow_temple_1_default, minmay_temple_entry_offerings
D:7:      layout_rooms, kennysheep_nub
D:8:      layout_basic, tso_altar, uniq_maurice, uniq_maggie
D:9:      layout_gridville, david_lair_shrubbed
Temple:   kb_temple_of_zot
Abyss:2:  base: D:7, minivault_5, minivault_13

Skill      XL: |  1  2  3  4  5  6  7  8  9 10 |
---------------+-------------------------------+-----
Axes           | 4 |  4.2
Fighting       | 4 5 6 7 8 10 11 | 11.2
Armour         | 3 4 5 6 8 10 | 10.9
Polearms       | 1 3 4 5 7 9 10 | 10.2
Dodging        | |  2.8

Action                   |  1- 3 |  4- 6 |  7- 9 | 10-12 || total
-------------------------+-------+-------+-------+-------++-------
Melee: Hand axe          |    73 |       |       |       ||    73
       Headbutt          |     8 |     8 |    30 |    10 ||    56
       Trident           |     8 |    57 |   159 |    49 ||   273
       Punch             |     1 |     1 |     2 |       ||     4
Invok: Berserk           |     1 |       |     1 |     3 ||     5
  Use: Scroll            |       |       |       |    11 ||    11
       Potion            |       |       |       |     1 ||     1
 Stab: Sleeping          |     1 |       |       |       ||     1
Armor: Animal skin       |    20 |       |       |       ||    20
       Chain mail        |    11 |    29 |    89 |    41 ||   170
Dodge: Dodged            |    57 |    28 |    59 |    17 ||   161
